 Dungeon Crawl Stone Soup version 0.25.1-2-g60ff931df9 (webtiles) character file.

Game seed: 8286774813254913570

66287 Curus the Fencer (level 14, -22/202 HPs)
             Began as a Minotaur Gladiator on Oct 23, 2020.
             Was a High Priest of Trog.
             Annihilated by a dire elephant (27 damage)
             ... on level 6 of the Lair of Beasts on Oct 24, 2020.
             The game lasted 01:21:09 (17768 turns).

Curus the Fencer (Minotaur Gladiator)              Turns: 17768, Time: 01:21:09

Health: -22/202    AC: 10    Str: 25    XL:     14   Next: 78%
Magic:  20/20      EV: 25    Int:  7    God:    Trog [*****.]
Gold:   717        SH:  0    Dex: 14    Spells: 13/13 levels left

rFire    + . .     SeeInvis .   R - +7 triple sword "Jagolu" {flame, Str+2}
rCold    + . .     Gourm    .   (shield currently unavailable)
rNeg     . . .     Faith    .   I - +0 acid dragon scales
rPois    +         Spirit   .   F - +2 hat {MR+}
rElec    .         Reflect  .   X - scarf {rC+ rF+}
rCorr    +         Harm     .   M - +1 pair of gloves {Str+3}
MR       ++...                  (no boots)
Stlth    ..........             p - amulet of regeneration
HPRegen  0.83/turn              t - +4 ring of slaying
MPRegen  0.17/turn              h - +4 ring of evasion

@: berserking, studying Long Blades, very quick
A: retaliatory headbutt, horns 2, talons 1, poison resistance, wild magic 1
a: Berserk, Trog's Hand, Brothers in Arms, Renounce Religion


You were on level 6 of the Lair of Beasts.
You worshipped Trog.
Trog was extremely pleased with you.
You were not hungry.

You visited 2 branches of the dungeon, and saw 17 of its levels.
You also visited: Gauntlet.

You collected 1097 gold pieces.
You spent 380 gold pieces at shops.

Inventory:

Hand Weapons
 b - a +2 triple sword of flaming
 R - the +7 triple sword "Jagolu" (weapon) {flame, Str+2}
   (Trog gifted it to you on level 2 of the Lair of Beasts)

   It has been specially enchanted to burn those struck by it, causing extra
   injury to most foes and up to half again as much damage against particularly
   susceptible opponents.
   Big, fiery blades are also staple armaments of hydra-hunters.
   It affects your strength (+2).
Missiles
 d - 5 throwing nets (quivered)
Armour
 v - a +1 leather armour of cold resistance
 x - a +0 troll leather armour
 F - a +2 hat of magic resistance (worn)
 I - +0 acid dragon scales (worn)
 M - a +1 pair of gloves of strength (worn)
 X - a scarf of resistance (worn)
Jewellery
 a - an uncursed ring of ice
 e - a +6 ring of strength
 h - a +4 ring of evasion (right hand)
 p - an amulet of regeneration (around neck)
 t - a +4 ring of slaying (left hand)
 u - an uncursed ring of see invisible
 y - an uncursed amulet of magic regeneration {unknown}
 z - an uncursed ring of stealth
 E - an uncursed ring of fire
 H - an uncursed ring of fire
 O - an uncursed amulet of guardian spirit
 U - an uncursed ring of stealth
 V - a cursed +6 ring of strength
 Y - the ring "Kintut" {rElec rPois MR+ Str+6 Dex-2}
   (You found it in a Gauntlet)

   [ring of strength]

   It affects your strength (+6).
   It affects your dexterity (-2).
   It insulates you from electricity.
   It protects you from poison.
   It affects your resistance to hostile enchantments.
Wands
 k - a wand of paralysis (19)
 B - a wand of disintegration (12)
 C - a wand of polymorph (15)
 G - a wand of acid (16)
 J - a wand of iceblast (15)
 N - a wand of flame (65)
 S - a wand of enslavement (11)
Scrolls
 g - 4 scrolls of amnesia
 m - 3 scrolls of fog
 n - 10 scrolls of identify
 r - 6 scrolls of remove curse
 s - a scroll of blinking
 w - 6 scrolls of teleportation
 A - a scroll of noise
 Z - a scroll of enchant weapon
Potions
 i - 5 potions of curing
 j - 4 potions of might
 l - a potion of invisibility
 o - 2 potions of cancellation
 q - a potion of stabbing
 D - 2 potions of magic
 K - a potion of berserk rage
 L - a potion of heal wounds
 P - a potion of haste
 Q - 2 potions of resistance
 W - 3 potions of mutation
Books
 T - a manual of Long Blades
Comestibles
 c - 5 chunks of flesh
 f - 42 rations


   Skills:
 - Level 15.1 Fighting
 + Level 18.4 Long Blades
 - Level 2.0 Throwing
 - Level 14.2 Dodging
 - Level 10.0 Evocations


You had 13 spell levels left.
You didn't know any spells.
Your spell library contained the following spells:

 Spells                   Type           Power        Failure   Level  Hunger
 Confusing Touch          Hex            #.......     90%         3    ####...
 Gell's Gravitas          Tloc           #.........   90%         3    ####...
 Petrify                  Tmut/Erth      #.......     100%        4    #####..
 Metabolic Englaciation   Hex/Ice        #.........   100%        5    ######.
 Yara's Violent Unravell  Hex/Tmut       #.........   100%        5    ######.


Dungeon Overview and Level Annotations

Branches:
Dungeon (11/15)            Temple (0/1) D:7            Lair (6/6) D:11
 Shoals (0/4) Lair:4        Snake (0/4) Lair:3        Slime (0/5) Lair:5
    Orc (0/2) D:11        Gauntlet (visited)

Altars:
Ashenzari
Cheibriados
Dithmenos
Elyvilon
Gozag
Qazlal
Ru
Trog
Uskayaw
Vehumet
Wu Jian
Yredelemnul
Beogh
Jiyva

Shops:
D:5 [   D:6 [   D:10 [   D:11 *

Portals:
Trove: D:10 (give +3 gold dragon scales)

Annotations:
D:6 3 runed translucent doors, Thomus's ghost, novice HOFi
D:9 3 runed translucent doors, sfoobar's ghost, novice MiBe


Innate Abilities, Weirdness & Mutations

You reflexively headbutt those who attack you in melee.
You have a pair of horns on your head.
You have sharp toenails.
Your system is resistant to poisons. (rPois)
Your spells are a little harder to cast, but a little more powerful.


Message History

The dire elephant completely misses you.
You slice the dire elephant like a ripe choko!!!
You burn the dire elephant.
You kill the dire elephant!
Trog accepts your kill.
Your Evocations skill increases to level 10!
You feel a strong urge to attack something.
You carve the dire elephant like a ham!!!
You burn the dire elephant! You headbutt the dire elephant!!
The dire elephant is severely wounded.
The dire elephant tramples you!
* * * LOW HITPOINT WARNING * * *
You hold your ground!
The dire elephant closely misses you.
You hit the dire elephant but do no damage.
The dire elephant is severely wounded.
You hit the dire elephant. You burn the dire elephant.
You claw the dire elephant!
The dire elephant is almost dead.
The dire elephant tramples you!!
You die...

.................................
###'''########♣.......♣♣###♣#♣..<
.............###....♣##########..
##8.⌠.8#####...##♣♣♣##(..P..# #..
###8.8###.≈###.#### #......# #..
.#######.≈≈≈≈#....####.....P# #..
.##!...#≈≈≈≈.####....#'###### #..
.#"}...'≈≈≈≈.#8.####.#.# #..
.#[%...'≈≈≈..'..@..#...# #.#
###[...##≈≈.##8.Y..#8.8# ### #
##### #########''##'###
#.....#.##♣8♣ #..........♣
##........## ##.#....## ########


You could see a dire elephant.

Vanquished Creatures
  Gastronok (D:10)
  The ghost of viktor89 the Destroyer, a journeyman DrCj of Vehumet (Lair:4)
  2 minotaurs
  2 dire elephants (Lair:6)
  Snorg (Lair:4)
  Josephine (D:10)
  Fannar (Lair:2)
  5 hydras
  A catoblepas (Lair:5)
  An anaconda (Lair:6)
  7 death yaks
  A two-headed ogre (D:11)
  Urug (D:10)
  Sonja (D:11)
  A wizard (Gauntlet)
  An ugly thing (D:11)
  An oklob plant (Lair:2)
  19 elephants
  8 black mambas
  A torpor snail (Lair:3)
  Maggie (D:10)
  17 spiny frogs
  9 komodo dragons
  A rime drake (Lair:3)
  A queen bee (Lair:3)
  A polar bear (Lair:5)
  2 trolls
  A raiju (Gauntlet)
  21 blink frogs
  A hornet (D:11)
  9 dream sheep
  8 hippogriffs
  6 wraiths (D:10)
  33 yaks
  A ynoxinul (Gauntlet)
  3 basilisks
  A wyvern (Lair:4)
  2 hogs (D:11)
  A human (D:11)
  2 steam dragons
  2 hungry ghosts
  Menkaure (D:7)
  21 water moccasins
  11 porcupines
  10 orc warriors
  5 sky beasts
  2 ice beasts
  A black bear (D:6)
  A phantom (D:7)
  An eye of draining (D:11)
  13 wolves
  5 ogres
  5 centaurs
  24 crocodiles
  3 big kobolds
  17 bullfrogs
  7 scorpions
  A water moccasin skeleton (D:8)
  24 killer bees (Lair:3)
  An electric eel (Lair:1)
  4 howler monkeys
  2 bullfrog zombies
  4 crimson imps
  2 jellies
  2 bullfrog skeletons
  2 gnoll shamans
  6 hounds
  11 orc priests
  2 quasits
  3 iron imps (Gauntlet)
  An iguana (D:10)
  15 orc wizards
  6 worker ants
  A lightning spire (Gauntlet)
  2 hound skeletons
  A hound zombie (D:10)
  A howler monkey zombie (D:9)
  11 gnolls
  24 adders
  4 shadow imps
  A white imp (Gauntlet)
  An adder skeleton (D:9)
  3 worms
  A dart slug (D:1)
  4 leopard geckos
  50 orcs
  2 ball pythons
  6 giant cockroaches
  7 hobgoblins
  15 jackals
  19 kobolds
  4 quokkas
  2 bats
  4 frilled lizards
  6 goblins
  A jackal skeleton (D:4)
  2 rats
  A spectral orc (D:2)
  A bush (Lair:2)
  A fungus (Lair:4)
  7 plants (Lair:6)
575 creatures vanquished.

Vanquished Creatures (others)
  13 fungi
  6 plants
19 creatures vanquished.

Grand Total: 594 creatures vanquished

Notes
Turn   | Place    | Note
-------+----------+-------------------------------------------
     0 | D:1      | Curus the Minotaur Gladiator began the quest for the Orb.
     0 | D:1      | Reached XP level 1. HP: 18/18 MP: 0/0
    48 | D:1      | Found a snail-covered altar of Cheibriados.
   129 | D:1      | Reached skill level 4 in Long Blades
   337 | D:1      | Reached XP level 2. HP: 25/25 MP: 1/1
   800 | D:1      | Reached skill level 5 in Long Blades
  1269 | D:2      | Reached XP level 3. HP: 30/30 MP: 2/2
  1658 | D:2      | Found a shattered altar of Ashenzari.
  1658 | D:2      | Found an ornate altar of the Wu Jian Council.
  1901 | D:2      | Found a sacrificial altar of Ru.
  1974 | D:2      | Found a basalt altar of Yredelemnul.
  2040 | D:3      | Reached skill level 6 in Long Blades
  2040 | D:3      | Reached XP level 4. HP: 37/37 MP: 3/3
  2069 | D:3      | Reached skill level 7 in Long Blades
  2069 | D:3      | Reached XP level 5. HP: 23/42 MP: 4/4
  2653 | D:3      | Gained mutation: You are clumsy. (Dex -2) [potion of
                  | mutation]
  2653 | D:3      | Gained mutation: You are somewhat resistant to further
                  | mutation. [potion of mutation]
  3184 | D:4      | Reached skill level 8 in Long Blades
  3202 | D:4      | Reached XP level 6. HP: 30/50 MP: 5/5
  3613 | D:4      | Reached skill level 9 in Long Blades
  3773 | D:4      | Found a bloodstained altar of Trog.
  3780 | D:4      | Became a worshipper of Trog the Wrathful
  4032 | D:5      | Entered Level 5 of the Dungeon
  4046 | D:5      | Reached XP level 7. HP: 48/56 MP: 6/6
  4129 | D:5      | Reached skill level 10 in Long Blades
  4238 | D:5      | Found Oregrulu's Antique Armour Shop.
  4418 | D:5      | Noticed a hippogriff
  4428 | D:5      | Killed a hippogriff
  4428 | D:5      | Reached skill level 11 in Long Blades
  4621 | D:5      | Reached XP level 8. HP: 59/62 MP: 7/7
  4738 | D:5      | Found a radiant altar of Vehumet.
  4815 | D:5      | Reached * piety under Trog
  4886 | D:5      | Lost mutation: You are somewhat resistant to further
                  | mutation. [potion of mutation]
  4886 | D:5      | Lost mutation: You are clumsy. (Dex -2) [potion of
                  | mutation]
  4886 | D:5      | Gained mutation: Your body sometimes deteriorates upon
                  | taking damage. [potion of mutation]
  4886 | D:5      | Gained mutation: Your mind is acute. (Int +2) [potion of
                  | mutation]
  4886 | D:5      | Gained mutation: Your system is resistant to poisons.
                  | (rPois) [potion of mutation]
  4911 | D:6      | Reached skill level 12 in Long Blades
  5226 | D:6      | Reached skill level 13 in Long Blades
  5236 | D:6      | Found Kisiny Cosu's Armour Shop.
  5243 | D:6      | Bought a +1 leather armour of cold resistance for 196 gold
                  | pieces
  5420 | D:6      | Found a runed translucent gate.
  5420 | D:6      | Noticed a kobold demonologist
  5421 | D:6      | Found a runed translucent gate.
  5421 | D:6      | Noticed Thomus's ghost (novice HOFi)
  5422 | D:6      | Found a runed translucent gate.
  5468 | D:6      | Reached ** piety under Trog
  5483 | D:6      | Reached XP level 9. HP: 23/68 MP: 8/8
  5836 | D:7      | Noticed Menkaure
  5837 | D:7      | Reached skill level 14 in Long Blades
  5848 | D:7      | Killed Menkaure
  5850 | D:7      | Found a staircase to the Ecumenical Temple.
  6094 | D:7      | Reached skill level 5 in Dodging
  6097 | D:7      | Found a white marble altar of Elyvilon.
  6099 | D:7      | Reached skill level 5 in Fighting
  6136 | D:7      | Found a hide-covered altar of Uskayaw.
  6176 | D:7      | Reached *** piety under Trog
  6925 | D:8      | Reached XP level 10. HP: 55/86 MP: 9/9
  7090 | D:8      | Found a stormy altar of Qazlal.
  7248 | D:8      | Reached **** piety under Trog
  7812 | D:9      | Found an opulent altar of Gozag.
  7980 | D:9      | Found a shadowy altar of Dithmenos.
  8031 | D:9      | Found a runed translucent gate.
  8032 | D:9      | Found a runed translucent gate.
  8032 | D:9      | Identified the cursed +0 plate armour of Tumuo {Harm rF+
                  | Int+4 Dex+2}
  8032 | D:9      | Noticed sfoobar's ghost (novice MiBe)
  8033 | D:9      | Found a runed translucent gate.
  8110 | D:9      | Found a roughly hewn altar of Beogh.
  8238 | D:10     | Entered Level 10 of the Dungeon
  8307 | D:10     | Noticed Gastronok
  8316 | D:10     | Noticed Urug
  8321 | D:10     | Killed Gastronok
  8321 | D:10     | Reached skill level 10 in Fighting
  8321 | D:10     | Reached skill level 10 in Dodging
  8321 | D:10     | Reached XP level 11. HP: 101/101 MP: 10/10
  8323 | D:10     | Noticed Maggie
  8330 | D:10     | Killed Urug
  8338 | D:10     | Killed Maggie
  8744 | D:10     | Noticed Josephine
  8759 | D:10     | Killed Josephine
  8987 | D:10     | Found Failoc's Armour Boutique.
  9013 | D:10     | Bought a +0 pair of gloves of strength for 184 gold pieces
  9356 | D:10     | Found a portal to a secret trove of treasure.
  9672 | D:11     | Noticed a two-headed ogre
  9677 | D:11     | Killed a two-headed ogre
  9727 | D:11     | Found a staircase to the Orcish Mines.
  9762 | D:11     | Noticed a red ugly thing
  9769 | D:11     | Killed a red ugly thing
  9800 | D:11     | Noticed Sonja
  9817 | D:11     | Killed Sonja
  9873 | D:11     | Found a basalt altar of Yredelemnul.
  9873 | D:11     | Found Qioliewo's Evil Emporium.
  9908 | D:11     | Reached ***** piety under Trog
  9993 | D:11     | Found a staircase to the Lair.
 10327 | D:11     | Reached XP level 12. HP: 105/115 MP: 11/11
 10526 | Lair:1   | Entered Level 1 of the Lair of Beasts
 11990 | Lair:2   | Noticed a five-headed hydra
 12001 | Lair:2   | Killed an 11-headed hydra
 12202 | Lair:2   | Received a gift from Trog
 12203 | Lair:2   | Got a twisted triple sword {god gift}
 12418 | Lair:2   | You fall into a shaft and drop 1 floor!
 12485 | Lair:3   | Found a staircase to the Snake Pit.
 12487 | Lair:3   | Reached skill level 15 in Fighting
 12534 | Lair:3   | Found a gate leading to a gauntlet.
 12562 | Lair:3   | Identified the +7 triple sword "Jagolu" {flame, Str+2}
                  | (Trog gifted it to you on level 2 of the Lair of Beasts)
 12570 | Gauntlet | Entered a Gauntlet
 12570 | Gauntlet | Found a transporter.
 12570 | Gauntlet | Found a transporter.
 12596 | Gauntlet | Found a transporter.
 12599 | Gauntlet | Found a transporter.
 12610 | Gauntlet | Found a transporter.
 12611 | Gauntlet | Found a transporter.
 12617 | Gauntlet | Noticed a cacodemon
 12618 | Gauntlet | Found a runed translucent door.
 12621 | Gauntlet | Found a transporter.
 12638 | Gauntlet | Found a transporter.
 12649 | Gauntlet | Found a transporter.
 12653 | Gauntlet | Found a transporter.
 12661 | Gauntlet | Found a transporter.
 12665 | Gauntlet | Found a transporter.
 12744 | Gauntlet | Reached skill level 1 in Evocations
 12792 | Gauntlet | Reached XP level 13. HP: 83/126 MP: 12/12
 12887 | Gauntlet | Got a transparent pewter ring
 12891 | Gauntlet | Identified the ring "Kintut" {rElec rPois MR+ Str+6 Dex-2}
                  | (You found it in a Gauntlet)
 12899 | Gauntlet | Noticed a minotaur
 13011 | Gauntlet | Killed a minotaur
 13367 | Lair:2   | Noticed Fannar
 13377 | Lair:2   | Killed Fannar
 13646 | Lair:2   | Lost mutation: Your mind is acute. (Int +2) [potion of
                  | mutation]
 13646 | Lair:2   | Lost mutation: Your body sometimes deteriorates upon taking
                  | damage. [potion of mutation]
 13646 | Lair:2   | Gained mutation: Your spells are a little harder to cast,
                  | but a little more powerful. [potion of mutation]
 13646 | Lair:2   | Gained mutation: You have sharp toenails. [potion of
                  | mutation]
 13799 | Lair:3   | Reached skill level 15 in Long Blades
 13930 | Lair:3   | Reached skill level 5 in Evocations
 13992 | Lair:3   | Received a gift from Trog
 14641 | Lair:4   | Found a runed translucent gate.
 14944 | Lair:4   | Found a staircase to the Shoals.
 15030 | Lair:4   | Noticed viktor89's ghost (journeyman DrCj)
 15030 | Lair:4   | Noticed a minotaur
 15047 | Lair:4   | Noticed Snorg
 15051 | Lair:4   | Killed Snorg
 15051 | Lair:4   | Reached skill level 16 in Long Blades
 15292 | Lair:4   | Found a runed translucent gate.
 15292 | Lair:4   | Found a runed translucent gate.
 15612 | Lair:4   | Killed viktor89's ghost
 15612 | Lair:4   | Reached XP level 14. HP: 98/135 MP: 18/18
 15761 | Lair:5   | Found a staircase to the Slime Pits.
 15761 | Lair:5   | Found a viscous altar of Jiyva.
 15834 | Lair:5   | Received a gift from Trog
 16447 | Lair:6   | Entered Level 6 of the Lair of Beasts
 16617 | Lair:6   | Reached skill level 17 in Long Blades
 17106 | Lair:6   | Identified a scroll of acquirement
 17106 | Lair:6   | Acquired a manual of Long Blades
 17583 | Lair:6   | Reached skill level 18 in Long Blades
 17763 | Lair:6   | Reached skill level 10 in Evocations
 17766 | Lair:6   | HP: 3/202 [dire elephant (14)]
 17768 | Lair:6   | Annihilated by a dire elephant

Illustrated notes

Levels and vault maps discovered:
D:1:      minmay_arrival_floating_metal, layout_basic, cheibriados_altar_1
D:2:      layout_loops_ring, nicolae_ru_path_of_blood,
          yredelemnul_forgotten_temple_becter,
          gammafunk_temple_overflow_elements
D:3:      layout_basic, minivault_23
D:4:      layout_basic, kennysheep_little_box, first_ration,
          kennysheep_generic_room_16
D:5:      minmay_chambers_of_fours, layout_loops_ring, kennysheep_mini,
          serial_glass, glass_columns_b, glass_columns_c, glass_columns_a,
          glass_columns_b, glass_columns_a, glass_columns_b, glass_columns_a,
          glass_columns_c, glass_columns_b, glass_columns_c, serial_shops,
          shop_fountains, kennysheep_generic_room_6
D:6:      cheibrodos_helix_gallery, layout_basic, gammafunk_ghost_nasty_kobolds,
          serial_shops, nicolae_shop_crystal, minmay_diced_spiral
D:7:      layout_rooms, eat_drink_and_be_merry_uskayaw,
          minmay_temple_entry_large_hall, elyvilon_altar_3, uniq_menkaure
D:8:      layout_basic, basic_altar
D:9:      layout_cave_pools, lemuel_doored_altar, lemuel_round_altar,
          biasface_ghost_orc_armoury
D:10:     layout_layer_cave, nicolae_trove_entry_diagonal, serial_shops,
          nicolae_shop_stone, uniq_josephine, uniq_urug, uniq_maggie,
          uniq_gastronok
D:11:     layout_loops_cross, lair_entry_dummy, david_orc_2, grunt_livestock,
          nicolae_evil_shop, uniq_sonja
Lair:1:   layout_cave_pods, hangedman_lair_unloving_vines,
          infiniplex_staircase_pool, serial_bayou_shore_a
Lair:2:   layout_small_grid, minmay_lair_oklob_bushes, lemuel_fruit_fields,
          uniq_fannar
Lair:3:   layout_small_grid, minmay_snake_entry_six_corridors,
          gauntlet_entry_generic, special_room [special_room_bee],
          minmay_shattered_shrine
Lair:4:   layout_roguey, elwin_shoals_entry_rocks,
          maelrawn_ghost_gauntlet_escape, lemuel_fruit_fields, uniq_snorg
Lair:5:   layout_regular_city, slime_altar_1, grunt_megastairs_2,
          lemuel_fruit_tree
Lair:6:   due_jungle_book, layout_regular_city

Skill      XL: |  1  2  3  4  5  6  7  8  9 10 11 12 13 14 |
---------------+-------------------------------------------+-----
Long Blades    | 4 5 6 7 8 9 11 13 14 16 18 | 18.4
Fighting       | 7 10 13 15 | 15.1
Dodging        | 7 10 12 14 | 14.2
Evocations     | 1 7 10 | 10.0
Throwing       | |  2.0

Action                   |  1- 3 |  4- 6 |  7- 9 | 10-12 | 13-15 || total
-------------------------+-------+-------+-------+-------+-------++-------
Melee: Long sword        |    48 |   121 |   290 |   122 |       ||   581
       Headbutt          |    10 |    24 |    59 |   133 |    93 ||   319
       Scimitar          |       |       |       |   364 |       ||   364
       Triple sword      |       |       |       |     9 |   330 ||   339
       Kick              |       |       |       |       |   127 ||   127
Invok: Berserk           |       |       |     2 |     2 |     3 ||     7
Evoke: Wand              |       |       |       |     1 |       ||     1
  Use: Scroll            |     8 |     4 |     2 |     4 |     4 ||    22
       Potion            |     6 |     3 |     5 |     1 |     2 ||    17
 Stab: Sleeping          |     1 |       |       |     2 |       ||     3
       Petrified         |       |       |       |       |     1 ||     1
  Eat: Ration            |     1 |       |       |       |     2 ||     3
       Chunk             |       |     6 |    11 |    24 |    12 ||    53
Armor: Leather armour    |     5 |    59 |    53 |    72 |       ||   189
       Acid dragon scale |       |       |       |       |    70 ||    70
Dodge: Dodged            |    21 |    81 |   121 |   336 |   320 ||   879
Block: Buckler           |       |       |       |    10 |       ||    10
       Rpst.: Long sword |     4 |    21 |    39 |    18 |       ||    82
       Scimitar          |       |       |       |    68 |       ||    68
       Triple sword      |       |       |       |     2 |    79 ||    81
